Map: Lightshade LE

Players

MaNa

  • Race: Protoss Protoss

uThermal - Winner!

  • Race: Terran Terran

Event: DreamHack SC2 Masters 2021 Winter

VOD

Have the link to the VOD?

Description

Time

  • Played on: Sept. 30, 2021, 1:47 p.m.
  • Length: 13:59

All games in this series

Show
View Real Time Build Order
Export as new Build Order

MaNa Protoss 

Build Orders: 1 Gate Expand, Blink Stalkers 

Get SALT Encoding   

  12  0:00  Probe  
  13  0:12  Probe  
  14  0:17  Pylon  
  14  0:24  Probe (Chrono Boost)  
  15  0:36  Probe (Chrono Boost)  
  15  0:37  Gateway  
  16  0:45  Probe (Chrono Boost)  
  16  0:46  Assimilator  
  17  0:51  Probe  
  18  1:03  Probe (Chrono Boost)  
  19  1:13  Probe (Chrono Boost)  
  20  1:24  Cybernetics Core  
  20  1:35  Nexus  
  20  1:41  Pylon  
  20  1:44  Probe  
  21  1:51  Assimilator  
  21  1:56  Probe  
  21  2:01  Stalker  
  24  2:04  Warp Gate  
  24  2:09  Probe  
  25  2:20  Twilight Council  
  25  2:21  Probe  
  26  2:32  Stalker  
  26  2:33  Probe  
  29  2:45  Probe  
  29  2:47  Probe  
  29  2:50  Blink (Chrono Boost)  
  31  2:58  Probe  
  32  2:59  Probe  
  32  3:05  Gateway  
  33  3:10  Probe  
  33  3:11  Probe  
  35  3:20  Robotics Facility  
  35  3:22  Probe  
  35  3:23  Probe  
  37  3:27  Pylon  
  38  3:34  Probe  
  38  3:35  Probe  
  39  3:41  Pylon  
  39  3:46  Probe  
  39  3:47  Assimilator  
  39  3:48  Probe  
  41  3:53  Stalker  
  43  3:57  Shield Battery  
  43  3:58  Probe  
  43  3:59  Stalker  
  43  4:00  Probe  
  47  4:04  Assimilator  
  47  4:07  Observer (Chrono Boost)  
  48  4:15  Robotics Bay  
  48  4:16  Gateway  
  48  4:18  Probe x2  
  48  4:21  Stalker  
  52  4:29  Stalker  
  55  4:32  Pylon  
  55  4:33  Probe  
  55  4:36  Warp Prism (Chrono Boost)  
  57  4:47  Shield Battery  
  57  4:50  Observer  
  57  4:58  Stalker x2  
  61  5:03  Probe x2  
  61  5:04  Disruptor (Chrono Boost)  
  66  5:13  Observer, Gravitic Drive  
  66  5:15  Pylon  
  66  5:18  Probe  
  66  5:19  Pylon  
  67  5:28  Nexus  
  67  5:31  Probe x2  
  67  5:34  Observer  
  67  5:35  Disruptor (Chrono Boost)  
  72  5:43  Probe x2  
  72  5:46  Sentry  
  72  5:49  Stalker x2  
  80  5:52  Observer  
  80  5:53  Pylon  
  80  5:58  Pylon  
  80  6:03  Colossus (Chrono Boost)  
  86  6:12  Shield Battery  
  86  6:13  Shield Battery  
  86  6:18  Probe x2  
  85  6:34  Probe  
  85  6:38  Stalker x3  
  82  6:42  Probe x2  
  84  6:47  Disruptor (Chrono Boost)  
  87  6:57  Gateway  
  87  6:58  Gateway  
  87  7:01  Stalker x3, Gateway  
  87  7:03  Probe x2  
  87  7:05  Probe  
  87  7:08  Pylon  
  96  7:12  Pylon  
  96  7:14  Shield Battery  
  97  7:15  Probe  
  97  7:17  Probe  
  97  7:18  Observer (Chrono Boost)  
  97  7:21  Charge  
  99  7:27  Zealot x2  
  99  7:28  Zealot  
  99  7:29  Probe  
  107  7:30  Probe x2  
  107  7:33  Disruptor (Chrono Boost)  
  111  7:37  Observer  
  111  7:42  Probe x2  
  111  7:43  Observer  
  113  7:48  Sentry x2  
  113  7:49  Sentry  
  113  7:50  Forge  
  119  7:52  Forge  
  119  7:59  Pylon  
  119  8:01  Pylon  
  119  8:02  Pylon  
  119  8:04  Pylon  
  119  8:05  Colossus  
  125  8:08  Zealot x2  
  129  8:14  Zealot x2  
  133  8:22  Protoss Ground Armor Level 1 (Chrono Boost), Assimilator, Protoss Ground Weapons Level 1 (Chrono Boost)  
  133  8:26  Zealot, Assimilator  
  133  8:27  Zealot  
  137  8:29  Stalker  
  139  8:34  Stalker  
  139  8:37  Zealot x2  
  139  8:40  Probe  
  148  8:45  Pylon  
  148  8:47  Pylon  
  146  8:48  Gateway  
  146  8:52  Gateway  
  146  8:53  Zealot x2  
  150  8:58  Colossus (Chrono Boost)  
  142  9:10  Probe  
  142  9:12  Probe x2  
  139  9:22  Probe  
  140  9:24  Probe x2  
  140  9:29  Photon Cannon  
  142  9:34  Probe  
  143  9:41  Disruptor (Chrono Boost)  
  146  9:48  Extended Thermal Lance  
  135  10:04  Observer  
  135  10:06  Zealot x7  
  145  10:10  Disruptor  
  133  10:29  Zealot x7  
  133  10:31  Protoss Ground Weapons Level 2 (Chrono Boost), Protoss Ground Armor Level 2 (Chrono Boost)  
  139  10:51  Disruptor  
  142  10:57  Zealot x7  
  142  11:02  Observer  
  132  11:20  Stalker  
  132  11:21  Stalker x6  
  132  11:25  Disruptor (Chrono Boost)  
  149  11:36  Nexus  
  149  11:37  Robotics Facility  
  149  11:52  Observer  
  149  11:56  Immortal  
  149  11:59  Robotics Facility  
  153  12:03  Zealot  
  153  12:04  Zealot x4  
  155  12:34  Disruptor (Chrono Boost)  
  155  12:35  Disruptor (Chrono Boost)  
  157  12:43  Disruptor (Chrono Boost)  
  135  12:47  Observer  
  135  12:49  Probe x3  
  139  12:53  Nexus  
  139  12:55  Pylon  
  139  12:58  Observer  
  139  13:02  Stalker  
  139  13:03  Stalker x3, Zealot x3  
  161  13:13  Immortal (Chrono Boost)  
  161  13:18  Immortal (Chrono Boost)  
  157  13:31  Zealot x4  
  121  13:55  Zealot x2  
Show
View Real Time Build Order
Export as new Build Order

uThermal Terran - Winner!

Build Orders:  

Get SALT Encoding   

  12  0:00  SCV  
  13  0:12  SCV  
  14  0:16  Supply Depot  
  14  0:24  SCV  
  15  0:38  SCV  
  15  0:40  Barracks  
  15  0:42  Refinery  
  16  0:50  SCV  
  17  1:02  SCV  
  18  1:14  SCV  
  19  1:27  Marine, Orbital Command  
  20  1:44  Command Center  
  20  1:45  Barracks Reactor  
  20  1:53  Supply Depot  
  20  1:54  SCV  
  21  2:07  SCV  
  21  2:08  Barracks  
  22  2:19  SCV  
  22  2:21  Marine x2  
  25  2:24  Barracks  
  25  2:31  SCV  
  26  2:39  Marine x2  
  26  2:43  SCV  
  29  2:52  Bunker  
  29  2:55  SCV  
  29  2:56  Barracks Tech Lab  
  29  2:57  Orbital Command  
  29  2:58  Marine x2  
  32  3:07  SCV  
  32  3:12  Barracks Tech Lab  
  33  3:15  Marine  
  33  3:16  Stimpack, Marine x2  
  36  3:21  SCV  
  36  3:23  SCV  
  38  3:31  Marine  
  38  3:33  Marine  
  38  3:34  Supply Depot, Marine x2  
  40  3:35  SCV  
  40  3:36  SCV  
  40  3:39  Combat Shield  
  44  3:47  SCV  
  44  3:48  Supply Depot, SCV  
  45  3:55  Marine  
  51  3:56  Marauder x2, Marine  
  51  4:00  Supply Depot  
  51  4:02  SCV x2  
  54  4:09  Factory  
  54  4:13  Marine  
  54  4:14  Marine  
  54  4:16  Marine x2  
  58  4:20  Engineering Bay  
  58  4:21  SCV x2  
  60  4:31  Refinery, Marine  
  60  4:32  Marine  
  60  4:33  SCV x2, Refinery  
  60  4:34  Marine  
  65  4:39  Supply Depot  
  65  4:44  Marine  
  65  4:45  SCV  
  67  4:46  SCV  
  63  4:55  Starport, Factory Reactor  
  63  4:56  Marine x2  
  63  4:57  Marauder  
  63  4:59  SCV  
  65  5:02  Marine  
  65  5:04  SCV  
  65  5:12  Concussive Shells  
  65  5:13  SCV  
  65  5:14  Refinery  
  65  5:15  Marine x2  
  65  5:16  SCV  
  65  5:18  Marauder  
  65  5:20  Marine  
  65  5:21  Supply Depot  
  71  5:26  Terran Infantry Weapons Level 1  
  71  5:28  SCV x2  
  71  5:33  Marine  
  71  5:34  Supply Depot, Marine  
  74  5:39  Marauder  
  74  5:40  Marauder  
  74  5:42  SCV  
  79  5:44  Supply Depot, Medivac  
  79  5:49  Medivac  
  83  5:51  Marine  
  83  5:55  Supply Depot  
  84  6:00  Marauder  
  84  6:01  Marauder  
  84  6:03  Command Center  
  88  6:05  Marine  
  88  6:08  Factory Reactor  
  88  6:09  Marine  
  90  6:15  Medivac  
  92  6:19  Medivac  
  92  6:20  Supply Depot  
  92  6:22  Marauder, Marine  
  85  6:38  SCV  
  85  6:40  Marine  
  85  6:41  Marauder  
  85  6:42  SCV  
  85  6:43  Barracks x2  
  85  6:45  Medivac, Marine  
  92  6:48  Widow Mine  
  92  6:49  Medivac  
  92  6:50  Widow Mine, SCV  
  92  6:52  Marine  
  100  6:54  SCV  
  101  7:02  SCV  
  101  7:03  Marine  
  101  7:04  Marauder  
  101  7:06  SCV  
  106  7:12  Marauder, Marine  
  106  7:14  SCV  
  106  7:15  Widow Mine  
  112  7:18  SCV  
  112  7:19  Widow Mine  
  112  7:21  Terran Infantry Armor Level 1  
  116  7:26  Marine  
  116  7:27  Marauder  
  116  7:28  SCV  
  119  7:30  SCV  
  119  7:31  Barracks Tech Lab x2  
  119  7:34  Marauder, Marine  
  123  7:39  Widow Mine  
  123  7:40  Widow Mine  
  123  7:41  SCV  
  123  7:42  SCV  
  129  7:47  Supply Depot  
  129  7:48  Marauder, Marine  
  129  7:50  Marine  
  133  7:55  Orbital Command  
  133  8:01  Supply Depot  
  133  8:08  Supply Depot, SCV x2, Marine x3  
  133  8:09  Medivac  
  140  8:19  Medivac  
  141  8:22  Missile Turret, SCV  
  141  8:23  Marine x2  
  141  8:25  Missile Turret  
  141  8:26  Marauder  
  146  8:30  Armory  
  146  8:31  Supply Depot, SCV  
  146  8:32  Marine  
  148  8:36  Marauder  
  148  8:38  SCV  
  151  8:43  Supply Depot  
  151  8:45  Marauder  
  151  8:46  Marauder  
  151  8:47  Missile Turret  
  155  8:49  Marauder  
  155  8:53  Supply Depot, SCV  
  158  8:56  Marine  
  158  8:57  Marauder  
  158  8:59  Marine  
  162  9:06  Marine  
  162  9:07  Marauder  
  162  9:08  Medivac x2  
  163  9:10  Marauder  
  163  9:14  Marine  
  164  9:17  Marine  
  164  9:19  Marauder, Terran Infantry Weapons Level 2  
  164  9:23  Refinery, Bunker  
  167  9:24  Marine  
  167  9:28  Marine  
  167  9:31  Marine x2  
  169  9:35  Marine  
  170  9:40  Marauder  
  170  9:42  Viking  
  170  9:43  Marauder  
  170  9:45  Viking  
  178  9:46  Marauder  
  178  9:49  Marine  
  178  9:50  Supply Depot  
  181  9:57  Marine  
  178  10:01  Marauder  
  175  10:10  Supply Depot  
  175  10:11  Supply Depot, Marine  
  175  10:12  Marauder, Command Center  
  175  10:13  Marauder, Marine  
  181  10:15  Marine  
  181  10:17  Medivac  
  172  10:23  Marauder  
  174  10:29  Ghost Academy, Marine  
  174  10:31  Marauder  
  174  10:32  Sensor Tower  
  174  10:35  Supply Depot, Viking  
  177  10:47  Viking  
  175  10:54  Barracks x2  
  175  10:55  Barracks  
  173  10:59  Ghost x2  
  173  11:02  Ghost  
  179  11:04  Ghost  
  179  11:05  Viking  
  181  11:17  Viking  
  170  11:18  Marine  
  170  11:19  Marine  
  170  11:20  SCV  
  170  11:21  SCV  
  174  11:26  SCV  
  174  11:27  Ghost x2  
  174  11:31  Ghost  
  174  11:32  Enhanced Shockwaves  
  179  11:33  SCV  
  179  11:34  Marauder  
  179  11:35  SCV  
  179  11:36  Marine x2  
  179  11:38  SCV  
  186  11:40  Missile Turret  
  186  11:44  Barracks Tech Lab x2, Barracks Reactor  
  186  11:45  SCV  
  187  11:52  Planetary Fortress  
  187  11:54  Marine x2  
  187  11:55  Marauder, SCV  
  187  11:57  Marauder x2  
  187  11:59  Marine  
  187  12:00  Supply Depot  
  195  12:08  Marine x2  
  197  12:12  Marine x2  
  194  12:32  Ghost x2  
  184  12:38  Ghost  
  184  12:40  Marine  
  184  12:41  Marauder  
  183  12:44  Marine  
  183  12:45  Marauder  
  183  12:46  Bunker, Marine  
  183  12:47  Marauder  
  189  12:51  Command Center  
  189  12:53  Refinery x2, Command Center  
  189  12:57  Marine  
  190  13:00  Marine  
  190  13:01  Marauder  
  190  13:02  Marauder, Marine  
  190  13:03  Marauder  
  190  13:04  SCV x2  
  200  13:05  Sensor Tower  
  200  13:09  Sensor Tower  
  197  13:34  Marine  
  197  13:35  Marauder  

Tags
 
Add a new tag
Caveats
  • Supply blocks, unpowered buildings, or Contaminate may cause inaccurate times.
  • Supply counts are checked every 10 seconds.